AoeStats
← warhol

Arabia

505231562Analyzed
1v1 RM · 25d ago on Sep 8, 2026· 42m 1s· 2 players
Game mode
Random Map
Map size
Tiny (2 player)
Population
200
Speed
Normal
Resources
Standard
Victory
Conquest
Starting age
Dark Age
Ending age
Imperial Age
RankedLock teamsTeams togetherTeam positionsShared explorationLock speedFull tech treeHidden civsTurbo modeCheats
Victory
Defeat
🇪🇸 Teutons · Spain
1178
+15
🇫🇮 Koreans · Finland
1163
-15
warhol
4:21 Loom
10:40 Feudal Age
14:56 Castle Age
13:30 Double-Bit Axe
14:25 Stone Mining
17:48 Wheelbarrow
17:16 Horse Collar
21:48 Fletching
30:44 Bow Saw
34:02 Pikeman
36:07 Gold Mining
36:48 Bodkin Arrow
38:43 Ballistics
39:48 Scale Barding Armor
Cobas
8:05 Loom
11:08 Feudal Age
12:05 Horse Collar
12:12 Double-Bit Axe
15:13 Gold Mining
19:35 Castle Age
18:38 Stone Mining
19:32 Scale Barding Armor
24:32 Wheelbarrow
24:57 Fletching
26:22 Chain Barding Armor
27:23 Sanctity
28:46 Bloodlines
30:07 Fervor
32:06 Forging
32:57 Bodkin Arrow
38:18 Imperial Age
36:07 Hand Cart
37:10 Heavy Plow
37:41 Bow Saw
38:28 Capped Ram
38:31 Cavalier
39:48 Plate Barding Armor
40:20 Conscription
40:32 Conscription
40:39 Conscription
Connection lost

Rejoining the realm…

Still unreachable

The connection could not be restored.

Session expired

The server has moved on; the page needs a fresh start.